Map: Traitor's Exile

Players

Gesk

  • Race: Zerg Zerg
  • League: Diamond
  • Spawn Location: 9:00

SynTheSizer

  • Race: Zerg Zerg
  • Spawn Location: 12:00

oBird - Winner!

  • Race: Zerg Zerg
  • Spawn Location: 5:00

MechaCaulk - Winner!

  • Race: Zerg Zerg
  • League: Gold
  • Spawn Location: 6:00

VOD

Have the link to the VOD?

Description

Time

  • Played on: April 2, 2019, 5:55 a.m.
  • Length: 10:33
Show
View Real Time Build Order
Export as new Build Order

Gesk Zerg 

Build Orders: Pool First 

Get SALT Encoding   

  12  0:01  Drone  
  13  0:13  Overlord  
  13  0:23  Drone  
  13  0:25  Overlord  
  14  0:38  Drone x2  
  16  0:52  Spawning Pool  
  16  0:54  Drone  
  16  1:17  Extractor, Drone  
  16  1:27  Drone x2  
  18  1:39  Queen  
  20  1:40  Hatchery  
  19  1:48  Drone x2  
  19  1:51  Zergling x2  
  22  2:07  Roach Warren  
  22  2:08  Drone  
  22  2:13  Zergling x2  
  23  2:37  Metabolic Boost  
  23  2:51  Roach x2  
  27  2:53  Zergling x10  
  32  3:30  Drone x4  
  36  3:45  Hatchery  
  35  3:59  Hatchery  
  33  4:07  Roach x2  
  33  4:08  Overlord  
  33  4:09  Overlord  
  36  4:16  Spore Crawler  
  34  4:17  Spore Crawler  
  34  4:20  Spore Crawler  
  34  4:21  Spore Crawler  
  34  4:23  Drone  
  24  4:48  Zergling x4  
  24  4:49  Roach x3  
  32  4:55  Evolution Chamber  
  29  5:10  Roach x3  
  33  5:23  Drone x3  
  36  5:32  Drone x3  
  39  5:40  Zerg Missile Weapons Level 1  
  39  5:58  Drone x6  
  37  6:16  Roach  
  37  6:17  Roach x3  
  37  6:18  Roach  
  45  6:29  Drone x5  
  46  6:34  Extractor  
  46  6:38  Extractor, Drone x3  
  47  6:40  Drone  
  47  6:41  Drone  
  47  6:43  Drone  
  50  7:00  Roach x4  
  50  7:01  Roach  
  60  7:03  Overlord  
  60  7:13  Roach, Overlord  
  60  7:14  Overlord  
  62  7:24  Lair  
  62  7:27  Extractor  
  61  7:35  Roach  
  61  7:36  Roach x3, Evolution Chamber  
  50  8:09  Roach x4  
  50  8:10  Roach x7  
  72  8:15  Ravager x2  
  72  8:19  Roach x3  
  66  9:00  Roach x3  
  66  9:01  Roach x6  
  78  9:04  Ravager  
  67  9:31  Roach  
  67  9:32  Roach x5  
  67  9:34  Overlord x4  
  67  9:35  Overlord x2  
  79  9:42  Queen  
  69  9:52  Roach  
  65  9:53  Roach x3  
Show
View Real Time Build Order
Export as new Build Order

SynTheSizer Zerg 

Build Orders: Hatch First 

Get SALT Encoding   

  12  0:01  Drone  
  13  0:13  Overlord  
  13  0:18  Drone  
  14  0:32  Drone  
  15  0:52  Drone  
  15  0:56  Hatchery  
  15  0:57  Drone  
  16  1:11  Spawning Pool  
  15  1:21  Drone x2  
  15  1:23  Extractor  
  15  1:24  Drone  
  17  1:40  Overlord  
  17  1:48  Drone  
  18  1:54  Drone  
  18  1:57  Queen  
  21  2:09  Roach Warren  
  21  2:12  Drone  
  21  2:15  Queen  
  23  2:25  Drone  
  23  2:26  Drone  
  23  2:27  Drone  
  26  2:49  Roach x2  
  26  2:50  Roach x2  
  34  2:54  Roach  
  36  3:32  Overlord x5  
  36  3:36  Lair  
  36  3:41  Extractor  
  33  4:10  Roach x3  
  33  4:11  Roach  
  41  4:23  Spore Crawler x2  
  39  4:24  Queen  
  39  4:25  Drone  
  39  4:26  Drone x6  
  39  4:27  Drone  
  47  4:44  Roach x2  
  45  4:52  Queen  
  35  5:27  Drone  
  35  5:28  Drone x5  
  39  5:47  Drone x2  
  39  5:48  Evolution Chamber  
  40  5:53  Drone x2  
  40  6:25  Roach x7  
  46  6:26  Roach x4  
  46  6:29  Drone  
  46  6:31  Queen  
  46  6:32  Queen  
  55  6:38  Drone  
  55  6:39  Drone  
  59  6:49  Extractor  
  59  6:50  Extractor  
  57  6:57  Drone x2  
  59  7:08  Drone  
  59  7:09  Drone x2  
  59  7:10  Drone  
  59  7:11  Drone x2  
  59  7:12  Drone x2  
  67  7:28  Roach x3  
  73  7:31  Queen  
  73  8:12  Zerg Missile Weapons Level 1  
  71  8:16  Roach x2  
  71  8:18  Overlord x3  
  71  8:19  Overlord x4  
  75  8:24  Glial Reconstitution  
  75  8:26  Drone  
  68  8:53  Roach  
  68  8:54  Roach x5  
  68  9:06  Roach x2  
  70  9:22  Spire  
  67  10:05  Hatchery  
Show
View Real Time Build Order
Export as new Build Order

oBird Zerg - Winner!

Build Orders: Hatch First 

Get SALT Encoding   

  12  0:03  Drone  
  13  0:09  Drone  
  14  0:17  Extractor  
  14  0:18  Drone  
  15  0:23  Overlord  
  15  0:42  Drone x2  
  17  0:52  Drone  
  18  0:58  Hatchery  
  18  1:02  Drone  
  18  1:16  Spawning Pool  
  17  1:19  Drone  
  17  1:21  Extractor  
  17  1:24  Drone  
  18  1:29  Drone  
  19  1:41  Drone  
  20  1:51  Overlord  
  20  2:05  Overlord  
  20  2:10  Queen x2  
  20  2:12  Zergling x4  
  26  2:22  Metabolic Boost  
  26  2:27  Drone  
  26  2:28  Drone  
  28  2:33  Drone  
  29  2:37  Drone  
  30  2:46  Drone x2  
  30  2:51  Queen  
  34  2:55  Drone x2  
  36  3:05  Drone  
  37  3:15  Drone x2  
  37  3:19  Extractor  
  38  3:24  Spine Crawler  
  37  3:33  Roach Warren  
  36  3:37  Overlord x2  
  36  3:46  Spine Crawler  
  36  3:48  Zergling x4  
  36  3:56  Overlord  
  36  3:57  Zergling x8  
  36  3:58  Zergling x10  
  45  4:06  Zergling x2  
  46  4:10  Zergling x2  
  46  4:16  Zergling x2  
  48  4:24  Roach x2  
  52  4:31  Zergling x2  
  53  4:40  Roach  
  55  4:48  Roach x2  
  59  4:54  Drone  
  58  5:17  Hatchery  
  48  5:22  Roach x4, Zergling x2  
  53  5:28  Lair  
  53  5:32  Roach  
  53  5:35  Drone x2  
  56  5:43  Drone x3  
  56  5:48  Evolution Chamber  
  58  5:50  Roach  
  58  5:54  Overlord x2  
  59  6:13  Roach  
  59  6:14  Roach x6  
  73  6:24  Roach, Zergling x2  
  74  6:40  Drone x5  
  74  6:41  Drone  
  74  6:43  Extractor, Drone  
  74  6:44  Drone x2  
  74  6:46  Overlord  
  82  6:51  Extractor  
  82  6:54  Zerg Missile Weapons Level 1  
  81  7:01  Overlord x4  
  81  7:02  Overlord x3  
  81  7:15  Drone x3  
  84  7:23  Evolution Chamber  
  84  7:29  Overlord x2  
  83  7:33  Drone x4  
  83  7:35  Drone  
  88  7:41  Roach  
  90  7:45  Glial Reconstitution  
  83  8:05  Roach x2  
  83  8:06  Roach x7  
  83  8:07  Roach x2  
  101  8:16  Zerg Ground Armor Level 1  
  101  8:21  Drone x8  
  109  8:31  Roach x4  
  113  8:43  Roach  
  113  8:44  Roach x4  
  113  8:45  Roach  
  109  8:58  Roach x6  
  111  9:05  Roach x3  
  111  9:19  Roach x5  
  111  9:20  Zergling x2  
  122  9:36  Hatchery  
  122  9:37  Roach x4  
  129  9:52  Roach x5  
  141  9:53  Roach x3  
  141  9:56  Overlord  
  145  10:07  Roach x5  
  151  10:08  Roach  
Show
View Real Time Build Order
Export as new Build Order

MechaCaulk Zerg - Winner!

Build Orders: Pool First 

Get SALT Encoding   

  12  0:04  Drone  
  13  0:15  Drone  
  13  0:20  Overlord  
  14  0:33  Extractor  
  14  0:34  Drone  
  14  0:49  Spawning Pool  
  13  0:50  Drone  
  13  0:51  Drone  
  15  1:07  Drone  
  15  1:08  Drone  
  17  1:13  Drone  
  18  1:30  Hatchery  
  17  1:39  Spine Crawler  
  16  1:41  Drone  
  16  1:44  Drone  
  18  1:57  Queen  
  18  2:00  Drone  
  21  2:04  Drone  
  22  2:17  Overlord  
  22  2:25  Extractor  
  22  2:29  Metabolic Boost  
  21  2:32  Zergling x2  
  21  2:35  Zergling x2  
  23  2:40  Zergling x2  
  23  2:43  Zergling x2  
  25  3:05  Hatchery  
  24  3:07  Drone x3  
  27  3:35  Roach Warren  
  27  3:36  Zergling x2  
  27  3:37  Zergling x8  
  8  4:11  Zergling x10  
  8  4:12  Zergling x4  
  15  4:20  Drone  
  14  4:41  Drone x2  
  15  4:51  Drone  
  11  5:11  Drone x3  
  11  5:12  Drone  
  15  5:24  Roach  
  15  5:28  Roach  
  19  5:35  Roach  
  21  5:42  Roach  
  23  5:46  Roach  
  27  5:57  Roach x2  
  27  6:08  Roach x2  
  29  6:14  Roach  
  27  6:22  Roach  
  27  6:23  Roach  
  29  6:33  Drone x3  
  32  6:43  Drone x2  
  34  6:55  Ravager x2  
  34  6:56  Ravager x2  
  38  7:02  Drone x3  
  41  7:32  Zergling x2  
  42  7:38  Overlord  
  42  7:56  Overlord x2  
  38  8:02  Roach x3  
  38  8:03  Zergling x2  
  40  8:06  Zergling x4  
  42  8:15  Roach x2  
  42  8:16  Roach  
  48  8:29  Extractor  
  41  8:39  Zergling x10  
  41  8:40  Zergling x4  
  43  8:43  Roach  
  38  8:54  Roach x3  
  44  9:01  Roach  
  44  9:02  Roach x2  
  34  9:11  Drone  
  34  9:14  Drone  
  34  9:15  Drone  
  37  9:27  Roach x3  
  43  9:34  Roach x2  
  43  9:35  Roach  
  49  9:44  Roach  
  51  9:52  Roach x2  
  57  9:53  Roach  
  57  9:57  Drone  
  58  10:16  Drone x2  
Tags
 
Add a new tag
Caveats
  • Supply blocks, unpowered buildings, or Contaminate may cause inaccurate times.
  • Supply counts are checked every 10 seconds.